[Event "European Women Rapid-ch 2023"]
[Site "Monaco"]
[Date "2024.01.13"]
[Round "1.21"]
[White "Bensdorp-De Labaca, Marlies"]
[Black "Prochaieva, Alina"]
[Result "1-0"]
[ECO "E16"]
[WhiteElo "2237"]
[BlackElo "1974"]
[Annotator "RC"]
[PlyCount "103"]
[EventDate "2023.12.19"]
[EventType "swiss"]
[EventCountry "MNC"]
[SourceTitle "playchess.com"]
[Source "ChessBase"]
[SourceQuality "1"]
[TimeControl "900+10"]

1. d4 Nf6 2. c4 e6 3. Nf3 b6 4. g3 Bb7 5. Bg2 Bb4+ 6. Nbd2 O-O 7. O-O Bxd2 8. Bxd2 d6 9. b4 c5 10. bxc5 bxc5 11. dxc5 dxc5 12. Be3 Nbd7 13. Rb1 Be4 14. Rb5 a6 15. Rb2 Qa5 16. Qc1 Rab8 17. Bf4 Rxb2 18. Qxb2 Qa4 19. Rc1 Qc6 20. Rc3 Rd8 21. h3 h6 22. Rb3 Nh5 23. Bd2 Qc7 24. Kh2 Nhf6 25. Bc3 Kh7 26. Qa3 Qc6 27. Qa5 Ra8 28. Rb2 Kg8 29. Kg1 Kh7 30. Rb3 Kg8 31. Bb2 Kh7 32. Bf1 Ne8 33. Nd2 Bc2 34. Bg2 Qd6 35. Bxa8 Bxb3 36. axb3 Nb6 37. Be4+ Kg8 38. Ba3 Nd7 39. Bg2 Nef6 40. b4 Qxd2 41. Qd8+ Kh7 42. bxc5 Qe1+ 43. Kh2 Qxf2 44. c6 Ne4 45. Qc7 Nd2 46. cxd7 Nf1+ 47. Kh1 Nxg3+ 48. Qxg3 Qxg3 49. d8=Q Qe1+ 50. Kh2 Qxe2 51. Qd4 g6 52. Bb2 1-0

[Event "European Women Rapid-ch 2023"]
[Site "Monaco"]
[Date "2024.01.13"]
[Round "1.22"]
[White "Nevska, Gerda"]
[Black "Hrebenshchykova, Yelyzaveta"]
[Result "0-1"]
[ECO "A36"]
[WhiteElo "1787"]
[BlackElo "2275"]
[Annotator "TA"]
[PlyCount "74"]
[EventDate "2023.12.19"]
[EventType "swiss"]
[EventCountry "MNC"]
[SourceTitle "playchess.com"]
[Source "ChessBase"]
[SourceQuality "1"]
[TimeControl "900+10"]

1. c4 Nf6 2. Nc3 g6 3. e4 d6 4. g3 Bg7 5. Bg2 O-O 6. Nge2 c5 7. O-O Nc6 8. d3 Ne8 9. Rb1 Nc7 10. a3 a5 11. h3 Ne6 12. Nb5 Bd7 13. b3 Nc7 {[%emt 0:01:58] The position is equal.} 14. Bb2 Nxb5 15. cxb5 {[%emt 0:00:18] [#] Hoping for Bxg7.} Nd4 16. a4 Qb6 17. Kh2 Be6 ({Better is} 17... e5 $11) 18. Bxd4 (18. Bc1 $14) 18... cxd4 $11 19. Nf4 Rac8 20. Qf3 (20. Nxe6 $11 fxe6 21. b4) 20... Rc7 21. b4 axb4 22. Rxb4 Qa5 23. Rfb1 ({Don't go for} 23. Nxe6 $2 fxe6 24. Qe2 Qxb4 $19) (23. Rb2 $11) 23... b6 ({Black should play} 23... Ba2 $17 24. R1b2 e5) 24. Qe2 Rfc8 25. R1b2 {[%emt 0:00:02][%cal Oe4e5] Against Rc2} Rc5 26. Nxe6 fxe6 27. Qg4 Kf7 28. f4 Bf6 29. e5 dxe5 $17 30. fxe5 Rxe5 {[%emt 0:00:01] And now ...Re3 would win.} 31. Rxd4 (31. Be4 $17) 31... Qc3 32. Rf2 {[%emt 0:00:18] [#]} (32. Rdb4 $17) 32... Rf5 $2 (32... h5 $1 $19 33. Rxf6+ Kxf6 (33... exf6 $2 34. Qf3 $19) 34. Qf4+ Rf5) 33. Re4 {[%emt 0:02:42][%mdl 8192] White is weak on the dark squares. This move loses the game for White.} (33. Rdf4 $15) 33... Rxf2 $19 34. Qxe6+ Kg7 {[%emt 0:00:01][%cal Oc3d2] ( -> ...Qd2!)} 35. Rc4 Rxc4 {[%emt 0:00:01] Black mates.} 36. dxc4 Qf3 37. Qc6 Rxg2+ {[%emt 0:00:02] Weighted Error Value: White=0.65/Black=0.32.  Loses game:     	White=1     	---        Missed win:     	---       	Black=1      Mistake:       	White=6     	Black=2      Inaccurate:     	White=4     	Black=6      OK:         	White=3     	Black=5      Best:        	White=1     	Black=2} 0-1

[Event "European Women Rapid-ch 2023"]
[Site "Monaco"]
[Date "2024.01.13"]
[Round "1.23"]
[White "Schulze, Lara"]
[Black "Alfano, Emilie"]
[Result "1-0"]
[ECO "C30"]
[WhiteElo "2285"]
[BlackElo "1828"]
[Annotator "RC"]
[PlyCount "63"]
[EventDate "2023.12.19"]
[EventType "swiss"]
[EventCountry "MNC"]
[SourceTitle "playchess.com"]
[Source "ChessBase"]
[SourceQuality "1"]
[TimeControl "900+10"]

1. e4 e5 2. Nc3 Nf6 3. Bc4 Bc5 4. d3 Nc6 5. f4 d6 6. Nf3 a6 7. Nd5 Bg4 8. c3 O-O 9. h3 Bxf3 10. Qxf3 Nxd5 11. Bxd5 Kh8 12. f5 Rb8 13. h4 Ne7 14. Bg5 f6 15. Be6 c6 16. Be3 Bxe3 17. Qxe3 d5 18. Qe2 g6 19. g4 Qd6 20. O-O-O d4 21. c4 b5 22. g5 bxc4 23. dxc4 c5 24. Kb1 a5 25. Qg4 Qb6 26. Rh2 Qd8 27. h5 gxf5 28. exf5 fxg5 29. h6 Ra8 30. Rh5 Qe8 31. Qxg5 Rg8 32. Qf6+ 1-0

[Event "European Women Rapid-ch 2023"]
[Site "Monaco"]
[Date "2024.01.13"]
[Round "1.24"]
[White "Berezovska, Svetlana"]
[Black "Kulon, Klaudia"]
[Result "0-1"]
[ECO "C55"]
[WhiteElo "1741"]
[BlackElo "2323"]
[Annotator "TA"]
[PlyCount "50"]
[EventDate "2023.12.19"]
[EventType "swiss"]
[EventCountry "MNC"]
[SourceTitle "playchess.com"]
[Source "ChessBase"]
[SourceQuality "1"]
[TimeControl "900+10"]

1. e4 e5 2. Nf3 Nc6 3. Bc4 Nf6 4. d3 h6 5. O-O d6 6. h3 g6 7. Be3 Bg7 8. Qd2 {[%emt 0:00:09] White has an edge.} d5 9. exd5 Nxd5 10. Nc3 Nxe3 11. Qxe3 O-O 12. Rfe1 Kh7 13. Rad1 Nd4 14. Bb3 Nxf3+ 15. Qxf3 c6 16. Ne2 (16. Bxf7 $2 {is the wrong capture.} Be6 17. Bxe6 Rxf3 18. gxf3 Qg5+ 19. Kf1 Qf6 $19) 16... f5 17. Ng3 h5 (17... Bd7 {simplifies} 18. Ne2 a5 19. a4 Qc7) 18. Nxh5 gxh5 $17 19. Qxh5+ Bh6 20. Rxe5 Qg5 {[%emt 0:00:21] Chess con chili.} 21. Re7+ $2 {[%emt 0:01:31][%mdl 8192] [#] Now White is beyond hope.} Qxe7 $19 {[%emt 0:00:05] Black is clearly winning.} 22. Qf3 Bd7 23. d4 Rae8 24. d5 Qe2 25. dxc6 Bxc6 {[%emt 0:00:08] Weighted Error Value: White=0.73/Black=0.05 (flawless) .  Loses game:     	White=1     	---        Mistake:       	White=1     	---        Inaccurate:     	White=2     	Black=1      OK:         	White=1     	Black=5      Best:        	White=1     	Black=2} 0-1

[Event "European Women Rapid-ch 2023"]
[Site "Monaco"]
[Date "2024.01.13"]
[Round "1.25"]
[White "Papp, Petra"]
[Black "Protsyuk, Svitlana"]
[Result "1-0"]
[ECO "B35"]
[WhiteElo "2267"]
[BlackElo "1836"]
[Annotator "RC"]
[PlyCount "77"]
[EventDate "2023.12.19"]
[EventType "swiss"]
[EventCountry "MNC"]
[SourceTitle "playchess.com"]
[Source "ChessBase"]
[SourceQuality "1"]
[TimeControl "900+10"]

1. e4 c5 2. Nf3 Nc6 3. d4 cxd4 4. Nxd4 g6 5. Nc3 Bg7 6. Be3 Nf6 7. Bc4 O-O 8. Bb3 Na5 9. e5 Ne8 10. Bxf7+ Kxf7 11. Ne6 dxe6 12. Qxd8 Nc6 13. Qd1 Nxe5 14. Qe2 Nd6 15. Bd4 Nc6 16. Bxg7 Kxg7 17. O-O Bd7 18. f4 Rf7 19. Rad1 Raf8 20. g3 Bc8 21. Ne4 Nf5 22. Ng5 Rf6 23. c3 Nd6 24. Nf3 Rf5 25. Ne5 Nb8 26. c4 b6 27. b4 Na6 28. a3 Nb8 29. Qb2 Kg8 30. Ng4 Nf7 31. Rfe1 h5 32. Ne5 Kh7 33. Nxf7 R5xf7 34. b5 Rf6 35. Qb4 R6f7 36. c5 bxc5 37. Qxc5 a6 38. b6 Nd7 39. Qc7 1-0

[Event "European Women Rapid-ch 2023"]
[Site "Monaco"]
[Date "2024.01.13"]
[Round "1.26"]
[White "Ciarletta, Iris"]
[Black "Unuk, Laura"]
[Result "0-1"]
[ECO "D37"]
[WhiteElo "1911"]
[BlackElo "2346"]
[Annotator "RC"]
[PlyCount "112"]
[EventDate "2023.12.19"]
[EventType "swiss"]
[EventCountry "MNC"]
[SourceTitle "playchess.com"]
[Source "ChessBase"]
[SourceQuality "1"]
[TimeControl "900+10"]

1. d4 d5 2. c4 e6 3. Nc3 Nf6 4. Nf3 Be7 5. Bf4 O-O 6. e3 a6 7. cxd5 exd5 8. Qc2 h6 9. h3 Bd6 10. Bxd6 Qxd6 11. Bd3 Nbd7 12. O-O Re8 13. Rac1 c6 14. Rfe1 Qf8 15. Rcd1 Re7 16. Nh4 Re8 17. Nf5 Nb6 18. Ng3 a5 19. Nce2 Bd7 20. Nf4 Nc8 21. Nfh5 Nxh5 22. Nxh5 Nd6 23. Ng3 Qe7 24. Rc1 Qg5 25. Qc5 Nf5 26. Bxf5 Bxf5 27. Qb6 Bc8 28. Rc5 h5 29. Kh2 h4 30. Ne2 Qf6 31. Kg1 Ra6 32. Qb3 Qe7 33. Qc3 a4 34. Qc2 Qf6 35. Rc1 Bf5 36. Qd1 g5 37. R5c3 Bg6 38. Ra3 Bh5 39. Rc2 Kg7 40. Rd2 Re6 41. Rxa4 Rxa4 42. Qxa4 Qf5 43. Qc2 Qf6 44. a3 Bg6 45. Qd1 Qe7 46. Nc3 f5 47. Kh2 Qc7+ 48. Kg1 Qf7 49. Qc1 g4 50. Ne2 gxh3 51. gxh3 Bh5 52. Nf4 Bf3 53. Kh2 Rg6 54. Nxg6 Kxg6 55. Qc5 Kh7 56. Qd6 Qg7 0-1

[Event "European Women Rapid-ch 2023"]
[Site "Monaco"]
[Date "2024.01.13"]
[Round "1.27"]
[White "Hejazipour, Mitra"]
[Black "Jose de Ribbegren, Kenia"]
[Result "1-0"]
[ECO "D11"]
[WhiteElo "2356"]
[BlackElo "1778"]
[Annotator "RC"]
[PlyCount "83"]
[EventDate "2023.12.19"]
[EventType "swiss"]
[EventCountry "MNC"]
[SourceTitle "playchess.com"]
[Source "ChessBase"]
[SourceQuality "1"]
[TimeControl "900+10"]

1. d4 d5 2. Nf3 Nf6 3. c4 c6 4. g3 Bf5 5. Bg2 e6 6. O-O Be7 7. Nc3 O-O 8. Nh4 Bg6 9. Nxg6 hxg6 10. Qd3 Nbd7 11. Rd1 Rc8 12. e4 dxe4 13. Nxe4 Nxe4 14. Qxe4 Nf6 15. Qe2 Re8 16. b3 Qa5 17. h4 Ba3 18. Bg5 a6 19. Rd3 Be7 20. Rad1 b5 21. c5 Qd8 22. Bxf6 Bxf6 23. h5 gxh5 24. Qxh5 g6 25. Qg4 Kg7 26. Be4 Rh8 27. Kg2 Qg8 28. Qf3 Qe8 29. Rh1 Rxh1 30. Kxh1 Qd7 31. Kg2 Bg5 32. Rd1 f5 33. Bc2 Rh8 34. Re1 Bf6 35. b4 Bxd4 36. Bb3 e5 37. Rd1 e4 38. Qf4 Re8 39. Rh1 Rh8 40. Rxh8 Kxh8 41. Qh6+ Qh7 42. Qf8+ 1-0

[Event "European Women Rapid-ch 2023"]
[Site "Monaco"]
[Date "2024.01.13"]
[Round "2.1"]
[White "Gaprindashvili, Nona"]
[Black "Kosteniuk, Alexandra"]
[Result "0-1"]
[ECO "E11"]
[WhiteElo "2243"]
[BlackElo "2501"]
[Annotator "RC"]
[PlyCount "85"]
[EventDate "2023.12.19"]
[EventType "swiss"]
[EventCountry "MNC"]
[SourceTitle "playchess.com"]
[Source "ChessBase"]
[SourceQuality "1"]
[TimeControl "900+10"]

1. d4 Nf6 2. c4 e6 3. Nf3 Bb4+ 4. Bd2 Qe7 5. a3 Bxd2+ 6. Qxd2 O-O 7. Nc3 d5 8. e3 dxc4 9. Bxc4 b6 10. O-O Bb7 11. Be2 Rd8 12. Qc2 c5 13. Rfd1 Nbd7 14. Rd2 Rac8 15. Qd1 cxd4 16. Rxd4 Nc5 17. Rxd8+ Rxd8 18. Qc2 Rc8 19. Qd1 Nfe4 20. Nxe4 Bxe4 21. Rc1 Rd8 22. Qf1 a5 23. Rd1 Rc8 24. Rc1 a4 25. Nd2 Bd5 26. Bf3 Qb7 27. Bxd5 Qxd5 28. Nf3 Qb3 29. Qe2 Rd8 30. Nd4 Qd5 31. h3 g6 32. Qc4 e5 33. Qxd5 Rxd5 34. Nf3 f6 35. Rc4 Rd1+ 36. Kh2 Kf7 37. Rc2 Ke6 38. Nd2 Nd3 39. Ne4 Rb1 40. Rd2 Nc5 41. Nxc5+ bxc5 42. Rc2 Kd5 43. f3 0-1

[Event "European Women Rapid-ch 2023"]
[Site "Monaco"]
[Date "2024.01.13"]
[Round "2.2"]
[White "Dornbusch, Tatiana"]
[Black "Khotenashvili, Bella"]
[Result "0-1"]
[ECO "A43"]
[WhiteElo "2218"]
[BlackElo "2467"]
[Annotator "RC"]
[PlyCount "130"]
[EventDate "2023.12.19"]
[EventType "swiss"]
[EventCountry "MNC"]
[SourceTitle "playchess.com"]
[Source "ChessBase"]
[SourceQuality "1"]
[TimeControl "900+10"]

1. d4 g6 2. Nf3 Bg7 3. g3 c5 4. d5 d6 5. Bg2 b5 6. a4 b4 7. O-O Nf6 8. Re1 O-O 9. c4 bxc3 10. Nxc3 Na6 11. e4 Nd7 12. Bg5 Nb4 13. Qd2 Re8 14. Nb5 Qb6 15. Bf1 Ba6 16. Rac1 Qb7 17. b3 Bxb5 18. Bxb5 a6 19. Bc4 Nb6 20. Bf1 Qd7 21. Rcd1 Rab8 22. Nh4 Qc7 23. Be3 Nd7 24. h3 Bf6 25. Nf3 Nb6 26. Rc1 Qb7 27. Bg5 Bg7 28. Kh2 Nd7 29. Bc4 Qb6 30. Bh6 Bh8 31. Bg5 Qa5 32. Re2 Nb6 33. Bd3 e6 34. dxe6 Rxe6 35. Bc4 Nxc4 36. Rxc4 Nc6 37. e5 Qxd2 38. Rxd2 Nxe5 39. Nxe5 Bxe5 40. Rd3 Bd4 41. Be3 Bxe3 42. fxe3 Kf8 43. Kg2 Ke7 44. Kf3 Rf6+ 45. Rf4 Rxf4+ 46. gxf4 f5 47. Ke2 Ke6 48. Rc3 Rb4 49. Kd3 Kd5 50. h4 a5 51. Ke2 Ke4 52. Kf2 Kd5 53. Rd3+ Kc6 54. h5 gxh5 55. Kg3 d5 56. Kh4 c4 57. bxc4 dxc4 58. Rd8 Rxa4 59. Kxh5 Ra3 60. Rc8+ Kb5 61. Re8 c3 62. Rc8 Kb4 63. Kg5 Kb3 64. Kxf5 Ra4 65. e4 c2 0-1

[Event "European Women Rapid-ch 2023"]
[Site "Monaco"]
[Date "2024.01.13"]
[Round "2.3"]
[White "Salimova, Nurgyul"]
[Black "Garcia Martin, Marta"]
[Result "1/2-1/2"]
[ECO "D37"]
[WhiteElo "2426"]
[BlackElo "2342"]
[Annotator "RC"]
[PlyCount "118"]
[EventDate "2023.12.19"]
[EventType "swiss"]
[EventCountry "MNC"]
[SourceTitle "playchess.com"]
[Source "ChessBase"]
[SourceQuality "1"]
[TimeControl "900+10"]

1. d4 d5 2. Nf3 e6 3. c4 a6 4. cxd5 exd5 5. Nc3 Nf6 6. Bf4 Bd6 7. Bg3 O-O 8. e3 Bf5 9. Bd3 Bxd3 10. Qxd3 Re8 11. Bh4 c6 12. O-O Nbd7 13. Rab1 Be7 14. Bxf6 Nxf6 15. b4 Bd6 16. Na4 Qe7 17. Nc5 a5 18. b5 Bxc5 19. dxc5 Qxc5 20. Rfc1 Qd6 21. bxc6 bxc6 22. Rb6 Rec8 23. Nd4 Ng4 24. f4 Rab8 25. Rxb8 Rxb8 26. h3 Nf6 27. Rxc6 Qb4 28. Kh2 Ne4 29. Qb3 Qxb3 30. axb3 g6 31. Ra6 Nc5 32. Rxa5 Nxb3 33. Rxd5 Nxd4 34. Rxd4 Rb3 35. Re4 Kg7 36. Kg3 Kf6 37. Kf3 h5 38. g4 hxg4+ 39. hxg4 g5 40. f5 Rb1 41. Ra4 Rf1+ 42. Ke4 Rg1 43. Kd5 Rd1+ 44. Rd4 Ra1 45. Ke4 Rg1 46. Kf3 Ke5 47. Re4+ Kf6 48. Re8 Rf1+ 49. Kg2 Ra1 50. e4 Ra2+ 51. Kf3 Ra3+ 52. Kf2 Ra2+ 53. Ke3 Ra3+ 54. Kd4 Ra4+ 55. Kd5 Ra5+ 56. Kd4 Ra4+ 57. Kc3 Ra3+ 58. Kd4 Ra4+ 59. Kd5 Ra5+ 1/2-1/2

[Event "European Women Rapid-ch 2023"]
[Site "Monaco"]
[Date "2024.01.13"]
[Round "2.4"]
[White "Stefanova, Antoaneta"]
[Black "Agrest, Inna"]
[Result "1-0"]
[ECO "E64"]
[WhiteElo "2431"]
[BlackElo "2287"]
[Annotator "RC"]
[PlyCount "133"]
[EventDate "2023.12.19"]
[EventType "swiss"]
[EventCountry "MNC"]
[SourceTitle "playchess.com"]
[Source "ChessBase"]
[SourceQuality "1"]
[TimeControl "900+10"]

1. d4 Nf6 2. Nf3 g6 3. g3 Bg7 4. Bg2 O-O 5. O-O d6 6. a4 Na6 7. Re1 c5 8. d5 Nc7 9. e4 b6 10. c4 Rb8 11. Nc3 a6 12. e5 Nfe8 13. Qe2 Bg4 14. Bf4 Qc8 15. Qe3 b5 16. axb5 axb5 17. Nd2 Bf5 18. Bf1 Bd7 19. exd6 exd6 20. Nde4 Bd4 21. Qd2 Rb6 22. Bh6 Bg7 23. Bxg7 Kxg7 24. b4 bxc4 25. bxc5 dxc5 26. Nxc5 Kg8 27. Qd4 Bf5 28. Nd7 Qxd7 29. Qxb6 Qd6 30. Qd4 Ne6 31. Qe3 N6c7 32. Bxc4 Nf6 33. Qe7 Qd8 34. d6 Ne6 35. Qxd8 Rxd8 36. Nb5 Nd7 37. Ra7 Ndc5 38. f3 h5 39. Re5 Nd7 40. Re2 Kg7 41. Kg2 Kf6 42. h3 h4 43. Bxe6 Bxe6 44. gxh4 Ne5 45. Rd2 Nc4 46. Rd4 Ne3+ 47. Kf2 Nf5 48. Rd2 Nxh4 49. Nc3 Nf5 50. Ne4+ Kg7 51. Ng5 Kf6 52. Ne4+ Kg7 53. Rc7 Kf8 54. Rc6 Kg7 55. Nc5 Kf6 56. d7 Ke7 57. Nxe6 fxe6 58. Rc7 Nd6 59. Kg3 Nf5+ 60. Kf4 Nd6 61. h4 Nf7 62. Rc8 Rxd7 63. Rxd7+ Kxd7 64. Rg8 e5+ 65. Ke4 Nd6+ 66. Kxe5 Nf5 67. h5 1-0

[Event "European Women Rapid-ch 2023"]
[Site "Monaco"]
[Date "2024.01.13"]
[Round "2.5"]
[White "Schippke, Manon"]
[Black "Hunt, Harriet V"]
[Result "1/2-1/2"]
[ECO "B81"]
[WhiteElo "2162"]
[BlackElo "2306"]
[Annotator "RC"]
[PlyCount "114"]
[EventDate "2023.12.19"]
[EventType "swiss"]
[EventCountry "MNC"]
[SourceTitle "playchess.com"]
[Source "ChessBase"]
[SourceQuality "1"]
[TimeControl "900+10"]

1. e4 c5 2. Nf3 d6 3. d4 cxd4 4. Nxd4 Nf6 5. Nc3 a6 6. h3 e6 7. g4 h6 8. Bg2 Be7 9. Be3 Qc7 10. Qe2 Nc6 11. O-O-O Bd7 12. f4 Na5 13. Kb1 Rc8 14. h4 Nc4 15. Bc1 Qb6 16. Nb3 Bb5 17. Nxb5 axb5 18. g5 Nd7 19. g6 O-O 20. gxf7+ Rxf7 21. Bh3 Nf8 22. f5 Ra8 23. Rhg1 Qa6 24. a3 b4 25. Bf1 b5 26. fxe6 Nxe6 27. Bh3 Nf8 28. e5 Nxe5 29. Bg2 Ra7 30. Bd5 Bf6 31. Bxf7+ Rxf7 32. Qe4 bxa3 33. bxa3 Nc4 34. Qd3 Nxa3+ 35. Bxa3 Qxa3 36. Nd4 Qc5 37. Nb3 Qe5 38. Qd4 Qxd4 39. Nxd4 b4 40. Nf5 Ra7 41. c3 Bxc3 42. Kc2 Ra2+ 43. Kd3 Be5 44. Rb1 Rf2 45. Nxh6+ Kh7 46. Ng4 Rf3+ 47. Ke4 Rf4+ 48. Ke3 Ne6 49. Nxe5 dxe5 50. h5 Rh4 51. Rh1 Rf4 52. Rhf1 Kh6 53. Rxf4 exf4+ 54. Ke4 Kxh5 55. Kf5 Nd4+ 56. Kxf4 g5+ 57. Ke4 Nc6 1/2-1/2

[Event "European Women Rapid-ch 2023"]
[Site "Monaco"]
[Date "2024.01.13"]
[Round "2.6"]
[White "Khademalsharieh, Sarasadat"]
[Black "Calzetta Ruiz, Monica"]
[Result "1-0"]
[ECO "A57"]
[WhiteElo "2486"]
[BlackElo "2241"]
[Annotator "RC"]
[PlyCount "67"]
[EventDate "2023.12.19"]
[EventType "swiss"]
[EventCountry "MNC"]
[SourceTitle "playchess.com"]
[Source "ChessBase"]
[SourceQuality "1"]
[TimeControl "900+10"]

1. d4 Nf6 2. c4 c5 3. d5 b5 4. Qc2 d6 5. e4 g6 6. cxb5 Bg7 7. Nc3 O-O 8. Nf3 a6 9. h3 Nfd7 10. Be2 axb5 11. Nxb5 Na6 12. O-O Nb4 13. Qb3 Ba6 14. Bd2 Qb6 15. a4 Rfb8 16. Rfc1 Ne5 17. Nxe5 Bxe5 18. Bxb4 cxb4 19. Qxb4 Bxb5 20. Bxb5 Ra7 21. Rab1 e6 22. Rc6 Qd8 23. Qd2 exd5 24. f4 Bg7 25. Qxd5 Qh4 26. Rf1 Bxb2 27. Rxd6 Rc7 28. e5 Ba3 29. Rc6 Rd8 30. Qb3 Bc5+ 31. Kh2 Rxc6 32. Bxc6 Rd4 33. e6 Rxf4 34. Qb8+ 1-0

[Event "European Women Rapid-ch 2023"]
[Site "Monaco"]
[Date "2024.01.13"]
[Round "2.7"]
[White "Gvetadze, Sofio"]
[Black "Ushenina, Anna"]
[Result "1/2-1/2"]
[ECO "C41"]
[WhiteElo "2298"]
[BlackElo "2415"]
[Annotator "RC"]
[PlyCount "65"]
[EventDate "2023.12.19"]
[EventType "swiss"]
[EventCountry "MNC"]
[SourceTitle "playchess.com"]
[Source "ChessBase"]
[SourceQuality "1"]
[TimeControl "900+10"]

1. e4 d6 2. d4 Nf6 3. Nc3 e5 4. Nf3 Nbd7 5. Bc4 Be7 6. O-O O-O 7. Re1 c6 8. a4 h6 9. h3 Re8 10. b3 Qc7 11. Ba3 Rb8 12. dxe5 dxe5 13. Bxe7 Rxe7 14. Nh4 Nf8 15. Qf3 a6 16. a5 Be6 17. Bf1 Rd8 18. Ne2 Ng6 19. Nxg6 fxg6 20. Nc1 Nh5 21. g3 Qc8 22. Kh2 Rd2 23. Re2 Rd1 24. Bg2 Qf8 25. Qe3 Red7 26. Ra4 g5 27. Re1 R1d2 28. Re2 Rd1 29. Re1 R1d2 30. Re2 Rd1 31. Re1 R1d2 32. Re2 Rd1 33. Re1 1/2-1/2

[Event "European Women Rapid-ch 2023"]
[Site "Monaco"]
[Date "2024.01.13"]
[Round "2.8"]
[White "Javakhishvili, Lela"]
[Black "Khurtsilava, Inga"]
[Result "1-0"]
[ECO "A37"]
[WhiteElo "2433"]
[BlackElo "2186"]
[Annotator "RC"]
[PlyCount "79"]
[EventDate "2023.12.19"]
[EventType "swiss"]
[EventCountry "MNC"]
[SourceTitle "playchess.com"]
[Source "ChessBase"]
[SourceQuality "1"]
[TimeControl "900+10"]

1. Nf3 c5 2. c4 Nc6 3. g3 g6 4. Bg2 Bg7 5. Nc3 e6 6. O-O Nge7 7. d3 O-O 8. Bg5 h6 9. Bd2 Kh7 10. a3 d5 11. Rc1 d4 12. Na4 b6 13. b4 Qd6 14. b5 Nd8 15. Ng5+ hxg5 16. Bxa8 g4 17. e3 dxe3 18. Bxe3 e5 19. Nc3 f5 20. f4 Nb7 21. fxe5 Bxe5 22. Ne4 Qb8 23. d4 cxd4 24. Bxd4 Rd8 25. Ng5+ Kg8 26. Bxe5 Qxe5 27. Qe1 Qf6 28. Bxb7 Bxb7 29. Qe6+ Qxe6 30. Nxe6 Rd2 31. Rf2 Rd3 32. c5 Be4 33. c6 Rd6 34. Ng5 Bd5 35. Rd2 Kg7 36. c7 Kf6 37. Nh7+ Kg7 38. c8=Q Nxc8 39. Rxc8 Kxh7 40. Rc1 1-0

[Event "European Women Rapid-ch 2023"]
[Site "Monaco"]
[Date "2024.01.13"]
[Round "2.9"]
[White "Haussernot, Cecile"]
[Black "Hoang, Thanh Trang"]
[Result "1-0"]
[ECO "C02"]
[WhiteElo "2136"]
[BlackElo "2382"]
[Annotator "RC"]
[PlyCount "115"]
[EventDate "2023.12.19"]
[EventType "swiss"]
[EventCountry "MNC"]
[SourceTitle "playchess.com"]
[Source "ChessBase"]
[SourceQuality "1"]
[TimeControl "900+10"]

1. e4 e6 2. d4 d5 3. e5 c5 4. c3 Nc6 5. Nf3 Qb6 6. a3 c4 7. Nbd2 Na5 8. Rb1 Bd7 9. h4 h6 10. h5 Ne7 11. b4 cxb3 12. Nxb3 Ba4 13. Nxa5 Qxa5 14. Qd2 Qc7 15. Qb2 b6 16. Bd2 Nc6 17. c4 dxc4 18. Bxc4 Nb4 19. O-O Qxc4 20. axb4 Bc6 21. Rfc1 Qb5 22. Rc3 Be7 23. Qc2 Bd5 24. Nh2 Qe2 25. Re1 Qxh5 26. Qa4+ Kf8 27. Qd7 Re8 28. Rc8 f5 29. exf6 gxf6 30. Rec1 Kf7 31. Rxe8 Rxe8 32. Bf4 Qg6 33. Bg3 h5 34. Nf3 Bxf3 35. gxf3 h4 36. d5 hxg3 37. d6 gxf2+ 38. Kxf2 Qg5 39. Rc7 f5 40. Rxa7 Kf8 41. dxe7+ Qxe7 42. Qd4 e5 43. Qxb6 Qh4+ 44. Ke2 Rd8 45. Qc5+ Kg8 46. Qxe5 Qc4+ 47. Kf2 Rd2+ 48. Kg3 f4+ 49. Kh4 Rh2+ 50. Kg5 Rg2+ 51. Kh4 Rh2+ 52. Kg4 Rg2+ 53. Kh3 Rg3+ 54. Kh4 Qc8 55. Qd5+ Kh8 56. Qh5+ Kg8 57. Qh7+ Kf8 58. Qf7# 1-0

[Event "European Women Rapid-ch 2023"]
[Site "Monaco"]
[Date "2024.01.13"]
[Round "2.10"]
[White "Wagner, Dinara"]
[Black "Pavlidou, Ekaterini"]
[Result "1-0"]
[ECO "E12"]
[WhiteElo "2459"]
[BlackElo "2206"]
[Annotator "RC"]
[PlyCount "67"]
[EventDate "2023.12.19"]
[EventType "swiss"]
[EventCountry "MNC"]
[SourceTitle "playchess.com"]
[Source "ChessBase"]
[SourceQuality "1"]
[TimeControl "900+10"]

1. d4 Nf6 2. c4 e6 3. Nf3 b6 4. a3 Bb7 5. Nc3 d5 6. Bf4 Bd6 7. Bxd6 cxd6 8. cxd5 exd5 9. e3 O-O 10. Be2 Ba6 11. Bxa6 Nxa6 12. Qb3 Nc7 13. O-O Qd7 14. Rfc1 Rfc8 15. Rc2 Rab8 16. Rac1 h6 17. h3 g5 18. Ne1 a6 19. Nd3 Kg7 20. Ne2 Na8 21. Nb4 Rxc2 22. Qxc2 a5 23. Na2 b5 24. Ng3 b4 25. axb4 axb4 26. b3 Ng8 27. Nf5+ Kf6 28. g4 h5 29. Qc6 Qd8 30. Nxd6 Rb6 31. Nb7+ Rxc6 32. Rxc6+ Ke7 33. Nxd8 Kxd8 34. gxh5 1-0

[Event "European Women Rapid-ch 2023"]
[Site "Monaco"]
[Date "2024.01.13"]
[Round "2.11"]
[White "Krasteva, Beloslava"]
[Black "Batsiashvili, Nino"]
[Result "0-1"]
[ECO "D35"]
[WhiteElo "2251"]
[BlackElo "2451"]
[Annotator "RC"]
[PlyCount "128"]
[EventDate "2023.12.19"]
[EventType "swiss"]
[EventCountry "MNC"]
[SourceTitle "playchess.com"]
[Source "ChessBase"]
[SourceQuality "1"]
[TimeControl "900+10"]

1. d4 Nf6 2. c4 e6 3. Nc3 d5 4. cxd5 exd5 5. Bg5 c6 6. e3 h6 7. Bh4 Be7 8. Bd3 O-O 9. Nge2 Ne8 10. Bg3 Nd6 11. Qc2 a5 12. O-O Na6 13. a3 Nc7 14. Nf4 Bh4 15. Nh5 Bxg3 16. Nxg3 Re8 17. Rfe1 Ne6 18. Rad1 Bd7 19. f3 Qg5 20. Qf2 h5 21. f4 Qh6 22. h4 Nf8 23. f5 Nh7 24. e4 dxe4 25. Ncxe4 Nxe4 26. Nxe4 Nf6 27. Ng5 Ng4 28. Qf4 Qf6 29. Bc4 Nh6 30. Re5 Rxe5 31. dxe5 Qxf5 32. Qxf5 Bxf5 33. Nxf7 Nxf7 34. e6 Bxe6 35. Bxe6 Re8 36. Bb3 Re7 37. Rd8+ Kh7 38. Ra8 Ne5 39. Rxa5 g6 40. Bc2 Ng4 41. Bd3 Re1+ 42. Bf1 Rb1 43. Ra4 Rxb2 44. Rb4 Rxb4 45. axb4 Kg7 46. b5 Kf6 47. bxc6 bxc6 48. Bd3 c5 49. Kf1 c4 50. Bb1 Ne3+ 51. Kf2 Nf5 52. g3 Ke5 53. Kf3 c3 54. Kf2 Kf6 55. Bd3 Ke5 56. Bb1 Kd5 57. g4 hxg4 58. h5 gxh5 59. Bxf5 Ke5 60. Bc2 h4 61. Ke3 h3 62. Be4 g3 63. Bf3 g2 64. Kf2 c2 0-1

[Event "European Women Rapid-ch 2023"]
[Site "Monaco"]
[Date "2024.01.13"]
[Round "2.12"]
[White "Vega Gutierrez, Sabrina"]
[Black "Sliwicka, Alicja"]
[Result "1-0"]
[ECO "B20"]
[WhiteElo "2378"]
[BlackElo "2311"]
[Annotator "RC"]
[PlyCount "83"]
[EventDate "2023.12.19"]
[EventType "swiss"]
[EventCountry "MNC"]
[SourceTitle "playchess.com"]
[Source "ChessBase"]
[SourceQuality "1"]
[TimeControl "900+10"]

1. e4 c5 2. b3 e6 3. Bb2 Nf6 4. e5 Nd5 5. Nc3 d6 6. exd6 Qxd6 7. Ne4 Qc7 8. Nf3 Nc6 9. g3 f5 10. Nc3 Nxc3 11. dxc3 Bd6 12. Bc4 O-O 13. Qe2 Kh8 14. O-O-O Qe7 15. h4 Na5 16. Rhe1 Nxc4 17. Qxc4 b6 18. Ng5 Rf6 19. Qd3 e5 20. c4 Bb7 21. f4 Bc7 22. fxe5 Rff8 23. e6 Kg8 24. Qc3 Rad8 25. Nf7 Rxd1+ 26. Rxd1 Rxf7 27. exf7+ Qxf7 28. Kb1 Be4 29. Qe3 Qe7 30. Re1 Qd8 31. g4 Kf7 32. gxf5 Bxf5 33. h5 Qd7 34. Qg5 Kg8 35. h6 Bg6 36. hxg7 Bd8 37. Qf4 Be7 38. Qb8+ Qd8 39. Qe5 Bg5 40. Rf1 Bxc2+ 41. Ka1 Qe7 42. Qb8+ 1-0